 Dungeon Crawl Stone Soup version 0.20-a0-1078-g4874019 (webtiles) character file.

109 theAP the Skirmisher (level 4, 0/30 HPs)
             Began as a Gargoyle Fighter on May 1, 2017.
             Slain by Natasha (6 damage)
             ... on level 3 of the Dungeon.
             The game lasted 00:04:24 (1728 turns).

theAP the Skirmisher (Gargoyle Fighter)             Turns: 1728, Time: 00:04:25

Health: 0/30       AC: 11    Str: 20    XL:     4   Next: 90%
Magic:  4/4        EV:  7    Int:  9    God:
Gold:   89         SH:  9    Dex:  9    Spells: 3/3 levels left

rFire    . . .     SeeInvis .   a - +0 flail
rCold    . . .     Gourm    .   c - +0 shield
rNeg     + . .     Faith    .   b - +0 scale mail
rPois    ∞         Spirit   .   (no helmet)
rElec    +         Reflect  .   (no cloak)
rCorr    .         Harm     .   e - +0 pair of gloves
MR       .....                  (no boots)
Stlth    ..........             (no amulet)
Regen    0.1/turn               (no ring)
MPRegen  0.1/turn               (no ring)

@: hasted, very quick
A: negative energy resistance 1, electricity resistance, unbreathing,
petrification resistance, rot immunity, AC +3
a: no special abilities


You were on level 3 of the Dungeon.
You were not hungry.

You visited 1 branch of the dungeon, and saw 3 of its levels.

You collected 89 gold pieces.

Inventory:

Hand Weapons
 a - a +0 flail (weapon)
Armour
 b - a +0 scale mail (worn)
 c - a +0 shield (worn)
 e - a +0 pair of gloves (worn)
Jewellery
 l - an uncursed ring of poison resistance {unknown}
Scrolls
 h - a scroll of enchant weapon {unknown}
 i - 2 scrolls of amnesia {unknown}
 m - 3 scrolls of teleportation {unknown}
 p - a scroll of recharging {unknown}
 q - 2 scrolls of identify {unknown}
Potions
 d - a potion of might
 j - a potion of haste
 n - a potion of ambrosia {unknown}
 r - 2 potions of magic
 t - a potion of resistance {unknown}
 u - a potion of heal wounds {unknown}
Comestibles
 f - 2 bread rations
 g - 3 fruits
 k - 2 royal jellies
 s - a meat ration


   Skills:
 + Level 4.4 Fighting
 * Level 4.0 Maces & Flails
 - Level 3.2 Armour
 - Level 3.2 Shields


You had 3 spell levels left.
You didn't know any spells.

Dungeon Overview and Level Annotations

Branches:
Dungeon (3/15)

Altars:
Elyvilon
Kikubaaqudgha
Ru
Uskayaw
Wu Jian
Xom
The Shining One

Annotations:
D:3 Natasha


Innate Abilities, Weirdness & Mutations

You are resistant to torment.
Your stone body is resilient. (AC +3)
You are immune to poison.
You resist negative energy. (rN+)
You are resistant to electric shocks. (rElec)
You can survive without breathing.
You are immune to petrification.
You are immune to rotting.


Message History

Natasha is moderately wounded.
You block Natasha's attack. Natasha claws you but does no damage.
You closely miss Natasha.
Natasha is moderately wounded.
Natasha barely misses you.
You barely miss Natasha.
Natasha is moderately wounded.
Natasha casts a spell at you. The magic dart hits you!
* * * LOW HITPOINT WARNING * * *
You hit Natasha.
Natasha is heavily wounded.
You feel yourself speed up. You block Natasha's attack.
Natasha mumbles some strange words.
You hit Natasha.
Natasha is heavily wounded.
The shadow imp hits you but does no damage.
Natasha claws you.
You die...

#..>..........
#####..####### ..#
#........# ..#
#.######.###....# #)#
#.........# ## #†#
#.###+###.######
.####(# ##.# #.#
.......
....#.###..###.###5..#
###........'.._5@h5.#
#††###...#######b##
........#.# ### ...
........##.# ### ..##
........##.. ... ..#
############ ##. ..#
## ###


You could see an iron imp, Natasha, 2 shadow imps and a bat.

Vanquished Creatures
  2 adders (D:3)
  A worm (D:2)
  5 dart slugs
  A leopard gecko (D:2)
  4 ball pythons
  6 giant cockroaches
  8 goblins
  9 hobgoblins
  6 jackals (D:2)
  2 quokkas (D:2)
  4 bats (D:2)
  8 frilled lizards
  7 kobolds
  11 rats
74 creatures vanquished.

Notes
Turn   | Place    | Note
-------+----------+-------------------------------------------
     0 | D:1      | theAP the Gargoyle Fighter began the quest for the Orb.
     0 | D:1      | Reached XP level 1. HP: 14/14 MP: 1/1
   172 | D:1      | Reached XP level 2. HP: 19/19 MP: 2/2
   326 | D:1      | Reached XP level 3. HP: 21/24 MP: 3/3
   978 | D:2      | Found a sacrificial altar of Ru.
   997 | D:2      | Found a white marble altar of Elyvilon.
  1081 | D:2      | Reached XP level 4. HP: 28/29 MP: 4/4
  1195 | D:2      | Found an ornate altar of the Wu Jian Council.
  1203 | D:2      | Found a hide-covered altar of Uskayaw.
  1205 | D:2      | Found a shimmering altar of Xom.
  1546 | D:2      | Found an ancient bone altar of Kikubaaqudgha.
  1680 | D:3      | Found a glowing golden altar of the Shining One.
  1690 | D:3      | Noticed Natasha
  1728 | D:3      | Slain by Natasha

Vault maps used:
D:1:      lightli_molten_gateway, minmay_misc_feat_more_columns, minivault_11
D:2:      nicolae_ru_sacrificial_ziggurat, marbit_many_paths, minitemple,
          st_stairs_14, elyvilon_altar_4
D:3:      lemuel_doored_altar, old_standard_altar, uniq_natasha, uniq_grinder

Skill      XL: |  1  2  3  4 |
---------------+-------------+-----
Maces & Flails | 3 4 |  4.0
Fighting       | 4 |  4.4
Armour         | |  3.2
Shields        | |  3.2

Action                   |  1- 3 |  4- 6 || total
-------------------------+-------+-------++-------
Melee: Flail             |   150 |   126 ||   276
  Use: Potion            |       |     3 ||     3
  Eat: Chunk             |     1 |     2 ||     3
Armor: Scale mail        |    79 |    88 ||   167
Dodge: Dodged            |    54 |    29 ||    83
Block: Shield            |    84 |    73 ||   157
